 Dungeon Crawl Stone Soup version 0.16.0-11-gd45b091 (webtiles) character file.

625753 Ololoev the Slayer (level 27, -22/271 HPs)
             Began as an Ogre Hunter on Mar 16, 2015.
             Was the Champion of Okawaru.
             Killed from afar by an ancient lich (54 damage)
             ... with a bolt of acid
             ... on level 8 of a ziggurat on Mar 17, 2015.
             The game lasted 04:50:40 (59301 turns).

Ololoev the Slayer (Ogre Hunter)                   Turns: 59301, Time: 04:50:44

Health: -22/271    AC: 37    Str: 39    XL:     27
Magic:  42/42      EV: 26    Int: 12    God:    Okawaru [******]
Gold:   6469       SH:  0    Dex: 20    Spells: 5 memorised, 37 levels left

rFire  + + +     SeeInvis +     S - +5 giant club "Rummage" {vamp, +Blink +Inv Str-5 Dex+6}
rCold  + . .     Clarity  .     U - +4 gold dragon armour
rNeg   + . .     SustAb   .     (shield restricted)
rPois  +         Gourm    .     u - +4 hat "Ryelum" {Str+6 Slay+2 Stlth-}
rElec  .         Spirit   .     Y - +1 cloak {MR+}
rCorr  .         Warding  .     (gloves unavailable)
rMut   +         Stasis   .     (boots unavailable)
MR     ++...                    m - amulet of Pentouk {rMut rN+ MR- Str+3 SInv}
Stlth  ..........               R - ring of Robustness {AC+8}
                                G - ring "Paax" {Contam rF+ Str+7}

@: phasing, corroded equipment, very slightly contaminated, hasted, very quick,
very resistant to hostile enchantments, extremely unstealthy
A: unfitting armour, fire resistance 1, frail 1, poison resistance, tough skin 1
a: Heroism, Finesse, Renounce Religion, Evoke Blink, Evoke Invisibility
}: 5/15 runes: barnacled, slimy, silver, abyssal, gossamer


You were on level 8 of a ziggurat.
You worshipped Okawaru.
Okawaru was exalted by your worship.
You were not hungry.

You visited 11 branches of the dungeon, and saw 58 of its levels.
You visited the Abyss 1 time.
You visited 1 ziggurat, and saw 8 of its levels.
You also visited: Bailey, Ice Cave and Volcano.

You collected 10592 gold pieces.
You spent 4123 gold pieces at shops.

Notes
Turn   | Place    | Note
--------------------------------------------------------------
     0 | D:1      | Ololoev, the Ogre Hunter, began the quest for the Orb.
     0 | D:1      | Reached XP level 1. HP: 22/22 MP: 1/1
   490 | D:1      | You fall through a shaft!
   497 | D:2      | Reached XP level 2. HP: 27/29 MP: 2/2
   620 | D:2      | Reached skill level 1 in Maces & Flails
  1006 | D:1      | Reached XP level 3. HP: 33/36 MP: 3/3
  1892 | D:3      | Reached XP level 4. HP: 26/44 MP: 4/4
  2807 | D:3      | Reached skill level 5 in Maces & Flails
  3057 | D:3      | Reached XP level 5. HP: 42/50 MP: 5/5
  3422 | D:3      | Found a glowing silver altar of Zin.
  3739 | D:3      | Reached skill level 6 in Maces & Flails
  3796 | D:4      | Reached skill level 7 in Maces & Flails
  3796 | D:4      | Reached XP level 6. HP: 35/59 MP: 6/6
  4434 | D:4      | Noticed a phantom
  4458 | D:4      | Killed a phantom
  4458 | D:4      | Reached skill level 8 in Maces & Flails
  4458 | D:4      | Reached skill level 5 in Throwing
  4545 | D:4      | Found a bloodstained altar of Trog.
  4743 | D:4      | Found a staircase to the Ecumenical Temple.
  4749 | Temple   | Entered the Ecumenical Temple
  5292 | D:5      | Entered Level 5 of the Dungeon
  5305 | D:5      | Reached XP level 7. HP: 66/66 MP: 7/7
  5860 | D:5      | Reached skill level 9 in Maces & Flails
  6041 | D:5      | Found a burning altar of Makhleb.
  6270 | D:5      | Reached skill level 10 in Maces & Flails
  6270 | D:5      | Reached XP level 8. HP: 60/74 MP: 8/8
  6274 | D:5      | Gained mutation: Your mind is acute. (Int +2) [mutagenic meat]
  6275 | D:5      | Gained mutation: You are frail (-10% HP). [mutagenic meat]
  6478 | D:5      | Gained mutation: You can spit poison. [potion of beneficial mutation]
  6544 | D:5      | Found Qacovod's Antique Weapon Shop.
  6744 | D:6      | Noticed Virusyak's ghost (experienced TeCj)
  6757 | D:6      | Killed Virusyak's ghost
  7227 | D:6      | Found an iron altar of Okawaru.
  7235 | D:6      | Became a worshipper of Warmaster Okawaru
  7256 | D:6      | Found a sacrificial altar of Ru.
  7292 | D:6      | Reached skill level 11 in Maces & Flails
  7814 | D:7      | Found a snail-covered altar of Cheibriados.
  8170 | D:7      | Acquired Okawaru's first power
  8170 | D:7      | Reached skill level 12 in Maces & Flails
  8170 | D:7      | Reached XP level 9. HP: 72/72 MP: 9/9
  8246 | D:7      | Found a bloodstained altar of Trog.
  8338 | D:7      | Found a blossoming altar of Fedhas.
  8421 | D:7      | Gained mutation: You have sharp fingernails. [potion of mutation]
  8421 | D:7      | Gained mutation: You are clumsy. (Dex -2) [potion of mutation]
  8421 | D:7      | Lost mutation: Your mind is acute. (Int +2) [potion of mutation]
  8730 | D:8      | Reached skill level 13 in Maces & Flails
  8863 | D:8      | Noticed Gastronok
  9455 | D:8      | Killed Gastronok
  9455 | D:8      | Received a gift from Okawaru
  9455 | D:8      | Reached skill level 14 in Maces & Flails
  9455 | D:8      | Reached XP level 10. HP: 44/79 MP: 10/10
  9636 | D:8      | Noticed Eustachio
  9642 | D:8      | Killed Eustachio
  9853 | D:8      | Reached skill level 15 in Maces & Flails
 10099 | D:8      | Found an opulent altar of Gozag.
 10192 | D:8      | Received a gift from Okawaru
 10382 | D:9      | Noticed a purple ugly thing
 10416 | D:8      | Killed a purple ugly thing
 10641 | D:9      | Reached skill level 10 in Throwing
 10683 | D:9      | Noticed a centaur warrior
 10690 | D:9      | Killed a centaur warrior
 10690 | D:9      | Received a gift from Okawaru
 11048 | D:9      | Reached skill level 16 in Maces & Flails
 11145 | D:9      | Found Ydicie Muun's Weapon Boutique.
 11239 | D:9      | Got a shimmering diamond amulet
 11241 | D:9      | Identified the amulet "Chidyiss" {rCorr rElec rF- MR+} (You found it on level 9 of the Dungeon)
 11253 | D:9      | Reached skill level 5 in Fighting
 11626 | D:9      | Reached XP level 11. HP: 93/93 MP: 11/11
 12018 | D:10     | Entered Level 10 of the Dungeon
 12268 | D:10     | Gained mutation: You are very frail (-20% HP). [mutagenic meat]
 12289 | D:10     | Noticed Harold
 12304 | D:10     | Killed Harold
 12317 | D:10     | Acquired Okawaru's second power
 12317 | D:10     | Reached skill level 1 in Armour
 12497 | D:10     | Found a staircase to the Lair.
 12607 | D:10     | Noticed a hill giant
 12617 | D:10     | Killed a hill giant
 12878 | D:11     | Found a frozen archway.
 12885 | D:11     | Received a gift from Okawaru
 12899 | IceCv    | Entered an ice cave
 12926 | IceCv    | Learned a level 5 spell: Phase Shift
 12949 | IceCv    | Noticed an ice statue
 12949 | IceCv    | Noticed an ice statue
 12956 | IceCv    | Killed an ice statue
 12966 | IceCv    | Killed an ice statue
 13139 | D:11     | Received a gift from Okawaru
 13381 | D:11     | Reached XP level 12. HP: 96/96 MP: 12/12
 13387 | D:11     | Reached skill level 1 in Evocations
 13535 | D:11     | Learned a level 1 spell: Apportation
 13747 | D:12     | Found a flagged portal.
 13755 | Bailey   | Entered a bailey
 14314 | D:12     | Received a gift from Okawaru
 14398 | D:12     | Reached skill level 17 in Maces & Flails
 14586 | D:12     | Found a staircase to the Orcish Mines.
 14589 | D:12     | Received a gift from Okawaru
 14595 | D:12     | Got an encrusted giant spiked club {god gift}
 14611 | D:12     | Identified the +4 giant spiked club of the Lamprey {drain, Dex+2} (Okawaru gifted it to you on level 12 of the Dungeon)
 14854 | D:12     | Upgraded the game from 0.16.0-8-gd9ae3a8 to 0.16.0-11-gd45b091
 14943 | D:13     | Reached skill level 5 in Dodging
 14960 | D:13     | Noticed a vault guard
 15397 | D:13     | Received a gift from Okawaru
 15402 | D:13     | Reached skill level 5 in Evocations
 15404 | D:13     | Reached XP level 13. HP: 36/105 MP: 21/21
 15656 | D:13     | Noticed a vault guard
 15662 | D:13     | Reached skill level 5 in Armour
 15668 | D:13     | Killed a vault guard
 15668 | D:13     | Reached skill level 10 in Fighting
 15674 | D:13     | Killed a vault guard
 15836 | D:13     | Found a gate to the Vaults.
 15836 | D:13     | Noticed a vault guard
 15844 | D:13     | Killed a vault guard
 15844 | D:13     | Reached skill level 18 in Maces & Flails
 15926 | D:13     | Noticed an ogre mage
 15934 | D:13     | Killed an ogre mage
 16407 | D:14     | Found a sacrificial altar of Ru.
 16672 | D:14     | Found an iron altar of Okawaru.
 16950 | D:14     | Found Eggif's Antique Weapon Shop.
 17132 | D:14     | Learned a level 4 spell: Control Teleport
 17362 | D:15     | Entered Level 15 of the Dungeon
 17381 | D:15     | Received a gift from Okawaru
 17382 | D:15     | Got a smoking dire flail {god gift}
 17383 | D:15     | Identified the +5 dire flail "Sainid" {crush, +Blink MP+9 Str-3 Dex+2} (Okawaru gifted it to you on level 15 of the Dungeon)
 17805 | Lair:1   | Entered Level 1 of the Lair of Beasts
 17918 | Lair:1   | Found a dark tunnel.
 17931 | Lair:1   | Reached skill level 19 in Maces & Flails
 17963 | Volcano  | Entered a volcano
 17995 | Volcano  | Reached XP level 14. HP: 116/116 MP: 22/22
 18229 | Volcano  | Found a radiant altar of Vehumet.
 18258 | Volcano  | Found a burning altar of Makhleb.
 18573 | Lair:1   | Received a gift from Okawaru
 18582 | Lair:1   | Got a spiked hat {god gift}
 18592 | Lair:1   | Reached skill level 1 in Invocations
 18775 | Lair:1   | Found an opulent altar of Gozag.
 19116 | Lair:2   | Identified the +4 hat "Ryelum" {Str+6 Slay+2 Stlth-} (Okawaru gifted it to you on level 1 of the Lair of Beasts)
 20292 | Lair:3   | Learned a level 2 spell: Blink
 20336 | Lair:3   | Noticed Erica
 20340 | Lair:3   | Killed Erica
 20677 | Lair:3   | Found a staircase to the Shoals.
 20984 | Lair:4   | Noticed Rupert
 20994 | Lair:4   | Killed Rupert
 21388 | Lair:5   | Received a gift from Okawaru
 21395 | Lair:5   | Found a hole to the Spider Nest.
 21685 | Lair:5   | Reached skill level 20 in Maces & Flails
 22011 | Lair:6   | Received a gift from Okawaru
 22128 | Lair:6   | Found a staircase to the Slime Pits.
 22326 | Lair:6   | Received a gift from Okawaru
 22398 | Lair:6   | Reached XP level 15. HP: 118/126 MP: 23/23
 22405 | Lair:6   | Received a gift from Okawaru
 22895 | Lair:7   | Received a gift from Okawaru
 23306 | Lair:7   | Reached skill level 5 in Invocations
 23311 | Lair:7   | Received a gift from Okawaru
 23682 | Lair:7   | Received a gift from Okawaru
 23787 | Lair:8   | Entered Level 8 of the Lair of Beasts
 23824 | Lair:8   | Received a gift from Okawaru
 24122 | Lair:8   | Received a gift from Okawaru
 24332 | Lair:8   | Reached skill level 21 in Maces & Flails
 25198 | Lair:8   | Found a runed door.
 25295 | Lair:8   | Received a gift from Okawaru
 25360 | Lair:8   | Got a polished giant club {god gift}
 25363 | Lair:8   | Identified the +4 giant club of Conscience {freeze, +Rage rElec rF+ rN+ MR-} (Okawaru gifted it to you on level 8 of the Lair of Beasts)
 26022 | Orc:1    | Entered Level 1 of the Orcish Mines
 26079 | Orc:1    | Found Craogayr's Book Shop.
 26083 | Orc:1    | Found Stienkuett's General Store.
 26227 | Orc:1    | Found Galeuf's Armour Shoppe.
 26254 | Orc:1    | Noticed Blork the orc
 26262 | Orc:1    | Killed Blork the orc
 26282 | Orc:1    | Found a roughly hewn altar of Beogh.
 27082 | Orc:3    | Noticed Maurice
 27099 | Orc:3    | Killed Maurice
 27330 | Orc:4    | Entered Level 4 of the Orcish Mines
 27610 | Orc:4    | Found a staircase to the Elven Halls.
 28073 | Orc:4    | Received a gift from Okawaru
 28073 | Orc:4    | Reached XP level 16. HP: 95/136 MP: 23/25
 28213 | Orc:4    | Received a gift from Okawaru
 28259 | Orc:4    | Found Smol Umo's General Store.
 28260 | Orc:4    | Found Thraothad's Book Boutique.
 28262 | Orc:4    | Found Meptuloh's Antique Armour Boutique.
 28262 | Orc:4    | Found Creukad's Antique Weapon Shop.
 28311 | Orc:4    | Bought an embroidered cloak for 126 gold pieces
 28311 | Orc:4    | Bought a glowing cloak for 126 gold pieces
 28352 | Orc:4    | Bought 2 potions of curing for 78 gold pieces
 28352 | Orc:4    | Bought a scroll of enchant armour for 97 gold pieces
 28695 | Orc:1    | Bought a +2 shadow dragon armour for 1564 gold pieces
 28695 | Orc:1    | Bought a +1 cloak of invisibility for 280 gold pieces
 28853 | Elf:1    | Entered Level 1 of the Elven Halls
 29193 | Elf:1    | Reached skill level 22 in Maces & Flails
 29194 | Elf:1    | Received a gift from Okawaru
 29230 | Elf:1    | Gained mutation: You have sharp toenails. [mutagenic meat]
 29231 | Elf:1    | Gained mutation: You are dopey. (Int -2) [mutagenic meat]
 29541 | Elf:1    | Found a portal to a secret trove of treasure.
 30136 | Elf:2    | Found a runed gate.
 30136 | Elf:2    | Found a runed gate.
 30137 | Elf:2    | Found a runed gate.
 30651 | D:15     | Received a gift from Okawaru
 30669 | D:15     | Reached skill level 1 in Translocations
 30685 | D:15     | Lost mutation: You are dopey. (Int -2) [mutagenic meat]
 30759 | D:15     | Lost mutation: You are clumsy. (Dex -2) [potion of mutation]
 30983 | D:15     | Received a gift from Okawaru
 31034 | D:15     | Found a staircase to the Depths.
 31094 | Depths:1 | Entered Level 1 of the Depths
 31123 | Depths:1 | Received a gift from Okawaru
 31315 | Depths:1 | Received a gift from Okawaru
 31322 | Depths:1 | Reached skill level 15 in Fighting
 31383 | Depths:1 | Reached XP level 17. HP: 61/147 MP: 28/28
 31503 | Depths:1 | Found a gateway to Hell.
 31529 | Depths:1 | Reached XP level 18. HP: 154/154 MP: 28/28
 31580 | Depths:1 | Received a gift from Okawaru
 31601 | Depths:1 | Got an ichor-stained giant club {god gift}
 31605 | Depths:1 | Gained mutation: You have a pair of small antennae on your head. [mutagenic meat]
 31606 | Depths:1 | Gained mutation: You are dopey. (Int -2) [mutagenic meat]
 31611 | Depths:1 | Identified the +5 giant club "Rummage" {vamp, +Blink +Inv Str-5 Dex+6} (Okawaru gifted it to you on level 1 of the Depths)
 31688 | Depths:1 | Reached skill level 5 in Translocations
 31903 | Depths:1 | Found a runed door.
 31925 | Depths:1 | Noticed a sphinx
 31930 | Depths:1 | Killed a sphinx
 31930 | Depths:1 | Received a gift from Okawaru
 31957 | Depths:1 | Received a gift from Okawaru
 32003 | Depths:1 | Lost mutation: You can spit poison. [mutagenic meat]
 32004 | Depths:1 | Gained mutation: Your spells are a little harder to cast, but a little more powerful. [mutagenic meat]
 32006 | Depths:1 | Gained mutation: You expend magic power (3 MP) to slightly strengthen your wands. [mutagenic meat]
 32020 | Depths:1 | Identified the Guide on Augmentations and Hexes
 32033 | Depths:1 | Reached skill level 10 in Armour
 32640 | Depths:2 | Gained mutation: You are partially covered in large bone plates (AC +2, SH +2). [mutagenic meat]
 32780 | Depths:2 | Gained mutation: You expend magic power (6 MP) to strengthen your wands. [mutagenic meat]
 32912 | Depths:2 | Lost mutation: You have a pair of small antennae on your head. [mutagenic meat]
 32936 | Depths:2 | Gained mutation: Your flesh is heat resistant. [mutagenic meat]
 33009 | Depths:2 | Gained mutation: You are agile. (Dex +2) [mutagenic meat]
 33041 | Depths:2 | Received a gift from Okawaru
 33048 | Depths:2 | Reached XP level 19. HP: 157/164 MP: 30/30
 33055 | Depths:2 | Lost mutation: You expend magic power (6 MP) to strengthen your wands. [mutagenic meat]
 33057 | Depths:2 | Gained mutation: You can breathe flames. [mutagenic meat]
 33139 | Depths:2 | Noticed a golden dragon
 33148 | Depths:2 | Killed a golden dragon
 33148 | Depths:2 | Received a gift from Okawaru
 33373 | Depths:2 | Received a gift from Okawaru
 33418 | Depths:2 | Reached skill level 10 in Dodging
 33425 | Depths:2 | Lost mutation: You have sharp fingernails. [mutagenic meat]
 33429 | Depths:2 | Found a one-way gate to the infinite horrors of the Abyss.
 33594 | Depths:2 | Gained mutation: Scrolls take you a little longer to read. [mutagenic meat]
 33596 | Depths:2 | Gained mutation: Your magical capacity is low (-10% MP). [mutagenic meat]
 33706 | Depths:2 | Reached skill level 10 in Evocations
 34164 | Shoals:1 | Entered Level 1 of the Shoals
 35556 | Shoals:3 | Received a gift from Okawaru
 35666 | Shoals:3 | Noticed Louise
 35676 | Shoals:3 | Killed Louise
 36188 | Shoals:4 | Reached XP level 20. HP: 172/176 MP: 28/28
 36726 | Shoals:5 | Entered Level 5 of the Shoals
 36946 | Shoals:5 | Noticed Asterion
 36957 | Shoals:5 | Killed Asterion
 36974 | Shoals:5 | Lost mutation: You have sharp toenails. [potion of cure mutation]
 36974 | Shoals:5 | Lost mutation: You are very frail (-20% HP). [potion of cure mutation]
 36974 | Shoals:5 | Lost mutation: You are agile. (Dex +2) [potion of cure mutation]
 36974 | Shoals:5 | Lost mutation: Your magical capacity is low (-10% MP). [potion of cure mutation]
 36974 | Shoals:5 | Lost mutation: You are dopey. (Int -2) [potion of cure mutation]
 37127 | Shoals:5 | Identified the Compendium of Ointment
 37227 | Shoals:5 | Noticed Ilsuiw
 37231 | Shoals:5 | Received a gift from Okawaru
 37255 | Shoals:5 | Noticed Mara
 37262 | Shoals:5 | Killed Ilsuiw
 37262 | Shoals:5 | Received a gift from Okawaru
 37281 | Shoals:5 | Killed Mara
 37466 | Shoals:5 | Noticed Elizilla's ghost (mighty FoFi)
 37476 | Shoals:5 | Killed Elizilla's ghost
 37551 | Shoals:5 | Got a barnacled rune of Zot
 37990 | Vaults:1 | Entered Level 1 of the Vaults
 38028 | Vaults:1 | Received a gift from Okawaru
 38093 | Vaults:1 | Gained mutation: You heal slowly when monsters are visible. [mutagenic meat]
 38094 | Vaults:1 | Gained mutation: You occasionally shout uncontrollably at your foes. [mutagenic meat]
 38180 | Vaults:1 | Received a gift from Okawaru
 38246 | Vaults:1 | Gained mutation: You are partially covered in rough black scales (AC +4, Dex -1). [mutagenic meat]
 38247 | Vaults:1 | Lost mutation: Your spells are a little harder to cast, but a little more powerful. [mutagenic meat]
 38248 | Vaults:1 | Lost mutation: You expend magic power (3 MP) to slightly strengthen your wands. [mutagenic meat]
 38249 | Vaults:1 | Gained mutation: Armour fits poorly on your strangely shaped body. [mutagenic meat]
 38251 | Vaults:1 | Gained mutation: Your system is resistant to poisons. [mutagenic meat]
 38631 | Vaults:1 | Noticed Agnes
 38640 | Vaults:1 | Killed Agnes
 38640 | Vaults:1 | Reached XP level 21. HP: 210/210 MP: 33/33
 39071 | Vaults:2 | Found a staircase to the Crypt.
 39158 | Vaults:2 | Identified the Collected Works on Creative Displacement
 39163 | Vaults:2 | Learned a level 3 spell: Portal Projectile
 39400 | Vaults:2 | Noticed Margery
 39415 | Vaults:2 | Killed Margery
 39416 | Vaults:2 | Received a gift from Okawaru
 39532 | Vaults:2 | Found Gozag's Assorted Antiques.
 39543 | Vaults:2 | Found an opulent altar of Gozag.
 39544 | Vaults:2 | Found Gozag's Antique Armour Emporium.
 39546 | Vaults:2 | Bought a scroll of magic mapping for 350 gold pieces
 39546 | Vaults:2 | Bought a potion of curing for 300 gold pieces
 39596 | Vaults:2 | Found Gozag's Antique Weapon Emporium.
 39646 | Vaults:2 | Bought a faintly humming cloak for 950 gold pieces
 39656 | Vaults:2 | Identified the cursed -4 cloak of the Tuna {rF+} (You bought it in a shop on level 2 of the Vaults)
 39823 | Vaults:2 | Found Charihub's Distillery.
 39831 | Vaults:2 | Bought a potion of degeneration for 12 gold pieces
 39831 | Vaults:2 | Bought 2 potions of heal wounds for 120 gold pieces
 39831 | Vaults:2 | Bought a potion of haste for 120 gold pieces
 40058 | Vaults:2 | Reached skill level 15 in Armour
 40603 | Vaults:3 | Received a gift from Okawaru
 40699 | Vaults:3 | Received a gift from Okawaru
 41463 | Vaults:3 | Reached XP level 22. HP: 213/224 MP: 34/34
 42017 | Vaults:4 | Found Roqoysy's General Store.
 42077 | Vaults:4 | Received a gift from Okawaru
 42385 | Vaults:4 | Found Phuok's Antique Armour Shoppe.
 43323 | Spider:1 | Entered Level 1 of the Spider Nest
 43458 | Spider:1 | Noticed Nessos
 43472 | Spider:1 | Killed Nessos
 43768 | Spider:1 | Got a shimmering crystal amulet
 43770 | Spider:1 | Identified the amulet "Claofido" {Clar rPois rF- Int+2 Dex+2} (You found it on level 1 of the Spider Nest)
 44924 | Spider:3 | Received a gift from Okawaru
 44968 | Spider:3 | Identified a scroll of acquirement
 44968 | Spider:3 | Got a glittering bone ring
 44970 | Spider:3 | Identified the ring "Paax" {Contam rF+ Str+7} (You acquired it on level 3 of the Spider Nest)
 45187 | Spider:3 | Noticed Nikola
 45198 | Spider:3 | Killed Nikola
 45963 | Spider:4 | Noticed Donald
 45967 | Spider:4 | Killed Donald
 46325 | Spider:5 | Entered Level 5 of the Spider Nest
 46349 | Spider:5 | Noticed Jorgrun
 46351 | Spider:5 | Killed Jorgrun
 46679 | Spider:5 | Reached XP level 23. HP: 236/236 MP: 34/34
 46833 | Spider:5 | Got a gossamer rune of Zot
 47218 | Spider:5 | Noticed Frances
 47228 | Spider:5 | Killed Frances
 47228 | Spider:5 | Received a gift from Okawaru
 48120 | Depths:3 | Received a gift from Okawaru
 48121 | Depths:3 | Got an encrusted hat {god gift}
 48132 | Depths:3 | Identified the +1 hat of Rationality {Int+2} (Okawaru gifted it to you on level 3 of the Depths)
 48227 | Depths:3 | Found a one-way gate leading to the halls of Pandemonium.
 48278 | Depths:3 | Found Boerhefe's Book Shoppe.
 48804 | Depths:3 | Found a glowing golden altar of the Shining One.
 48828 | Depths:3 | Found Ajixigg's Armour Boutique.
 48869 | Depths:3 | Found Klal's Weapon Shoppe.
 49051 | Depths:3 | Found Chaug's Food Shop.
 49389 | Depths:4 | Received a gift from Okawaru
 49393 | Depths:4 | Reached skill level 15 in Dodging
 49570 | Depths:4 | Received a gift from Okawaru
 49817 | Depths:4 | Noticed a caustic shrike
 49819 | Depths:4 | Noticed a caustic shrike
 49852 | Depths:4 | Reached XP level 24. HP: 247/247 MP: 29/35
 50332 | Depths:5 | Entered Level 5 of the Depths
 50368 | Depths:5 | Reached skill level 5 in Spellcasting
 50412 | Depths:5 | Received a gift from Okawaru
 50433 | Depths:5 | Received a gift from Okawaru
 50451 | Depths:5 | Got an ichor-stained ice dragon armour {god gift}
 50462 | Depths:5 | Identified the -3 ice dragon armour of Wasted Space {rF- rC++ rCorr Str+7} (Okawaru gifted it to you on level 5 of the Depths)
 50806 | Depths:5 | Found a gateway to a ziggurat.
 51002 | Depths:5 | Found a gate to the Realm of Zot.
 51539 | Elf:3    | Entered Level 3 of the Elven Halls
 52131 | Elf:3    | Reached XP level 25. HP: 255/255 MP: 37/37
 52270 | Elf:3    | Received a gift from Okawaru
 52361 | Elf:3    | Received a gift from Okawaru
 52563 | Elf:3    | Received a gift from Okawaru
 52594 | Elf:3    | Got a transparent giant club {god gift}
 52595 | Elf:3    | Identified the +4 giant club of Patience {flame, rF++} (Okawaru gifted it to you on level 3 of the Elven Halls)
 52785 | Elf:3    | Got a distressingly furry cloak
 52796 | Elf:3    | Identified the +2 cloak of Existentialism {Str-4 Int+3} (You found it on level 3 of the Elven Halls)
 52818 | Elf:3    | Got a brightly glowing bone ring
 52820 | Elf:3    | Identified the ring "Utoluf" {+Fly rC+ Str+3 Slay+3} (You found it on level 3 of the Elven Halls)
 52833 | Elf:3    | Identified Tiluaf's Catalogue of Summoning
 52836 | Elf:3    | Identified the Collected Works on the Compass
 53058 | Elf:3    | Reached skill level 10 in Spellcasting
 53736 | Slime:1  | Entered Level 1 of the Pits of Slime
 54044 | Slime:6  | Entered Level 6 of the Pits of Slime
 54061 | Slime:6  | Noticed the royal jelly
 54074 | Slime:6  | Received a gift from Okawaru
 54091 | Slime:6  | Killed the royal jelly
 54117 | Slime:6  | Reached skill level 10 in Translocations
 54132 | Slime:6  | Lost mutation: You are partially covered in rough black scales (AC +4, Dex -1). [potion of cure mutation]
 54132 | Slime:6  | Lost mutation: Armour fits poorly on your strangely shaped body. [potion of cure mutation]
 54205 | Slime:6  | Got a slimy rune of Zot
 54218 | Slime:6  | Got a scorched silver amulet
 54221 | Slime:6  | Identified the amulet of Pentouk {rMut rN+ MR- Str+3 SInv} (You found it on level 6 of the Pits of Slime)
 54344 | Slime:6  | Identified a +3 rod of destruction (14/14) (You found it on level 6 of the Pits of Slime)
 55029 | Vaults:5 | Entered Level 5 of the Vaults
 55059 | Vaults:5 | Received a gift from Okawaru
 55096 | Vaults:5 | Reached XP level 26. HP: 263/263 MP: 38/40
 55111 | Vaults:5 | Noticed an ancient lich
 55128 | Vaults:5 | Killed an ancient lich
 55129 | Vaults:5 | Noticed Frederick
 55129 | Vaults:5 | Received a gift from Okawaru
 55146 | Vaults:5 | Killed Frederick
 55164 | Vaults:5 | Received a gift from Okawaru
 55369 | Vaults:5 | Got a blackened giant spiked club {god gift}
 55372 | Vaults:5 | Identified the +4 giant spiked club "Kew Skokk" {crush, SInv} (Okawaru gifted it to you on level 5 of the Vaults)
 55382 | Vaults:5 | Got a pitted iron ring
 55422 | Vaults:5 | Identified the cursed ring "Skeskiat" {rF- MP+9 AC-2 Int+3 Slay+5} (You took it off a vault sentinel on level 5 of the Vaults)
 55441 | Vaults:5 | Received a gift from Okawaru
 55691 | Vaults:5 | Received a gift from Okawaru
 55776 | Vaults:5 | Found Nimyholoci's Distillery.
 55816 | Vaults:5 | Got a silver rune of Zot
 56002 | Vaults:5 | Received a gift from Okawaru
 56293 | Vaults:5 | Found Enonloiwk's Food Boutique.
 56293 | Vaults:5 | Found Goiso's Food Shoppe.
 56766 | Depths:2 | Voluntarily entered the Abyss.
 56822 | Abyss:1  | Found a corrupted altar of Lugonu.
 57582 | Abyss:3  | Paralysed by a giant eyeball for 2 turns
 57591 | Abyss:3  | Got an abyssal rune of Zot
 57593 | Abyss:3  | Reached XP level 27. HP: 249/271 MP: 40/42
 57697 | Abyss:3  | Found a corrupted altar of Lugonu.
 57875 | Depths:2 | Escaped the Abyss
 57926 | Hell     | Entered the Vestibule of Hell
 57933 | Hell     | Noticed Geryon
 57955 | Hell     | Received a gift from Okawaru
 58673 | Zig:1    | Entered Level 1 of a ziggurat
 58697 | Zig:2    | Entered Level 2 of a ziggurat
 58739 | Zig:3    | Entered Level 3 of a ziggurat
 58747 | Zig:3    | Received a gift from Okawaru
 58777 | Zig:3    | Lost mutation: You occasionally shout uncontrollably at your foes. [potion of cure mutation]
 58777 | Zig:3    | Lost mutation: Scrolls take you a little longer to read. [potion of cure mutation]
 58777 | Zig:3    | Lost mutation: You heal slowly when monsters are visible. [potion of cure mutation]
 58787 | Zig:4    | Entered Level 4 of a ziggurat
 58847 | Zig:5    | Entered Level 5 of a ziggurat
 58908 | Zig:5    | Lost mutation: You can breathe flames. [potion of cure mutation]
 58908 | Zig:5    | Lost mutation: You are partially covered in large bone plates (AC +2, SH +2). [potion of cure mutation]
 58926 | Zig:6    | Entered Level 6 of a ziggurat
 58943 | Zig:6    | Received a gift from Okawaru
 59068 | Zig:7    | Entered Level 7 of a ziggurat
 59273 | Zig:8    | Entered Level 8 of a ziggurat
 59281 | Zig:8    | Noticed an ancient lich
 59294 | Zig:8    | Received a gift from Okawaru
 59301 | Zig:8    | Killed from afar by an ancient lich

Inventory:

Hand weapons
 k - a +3 giant spiked club of chaos
 S - the +5 giant club "Rummage" (weapon) {vamp, +Blink +Inv Str-5 Dex+6}
   (Okawaru gifted it to you on level 1 of the Depths)

   It inflicts no extra harm, but heals its wielder somewhat when it strikes a
   living foe.
   It affects your strength (-5).
   It affects your dexterity (+6).
   It lets you turn invisible.
   It lets you blink.
Missiles
 z - 203 large rocks (quivered)
 A - 5 throwing nets
Armour
 u - the +4 hat "Ryelum" (worn) {Str+6 Slay+2 Stlth-}
   (Okawaru gifted it to you on level 1 of the Lair of Beasts)

   It affects your strength (+6).
   It affects your accuracy and damage with ranged weapons and melee attacks
   (+2).
   It makes you less stealthy.
 U - a +4 gold dragon armour (worn)
 Y - a +1 cloak of magic resistance (worn)
Rods
 L - a +4 lightning rod (13/13)
   (You found it on level 6 of a ziggurat)
Jewellery
 e - an uncursed ring of teleportation
 m - the amulet of Pentouk (around neck) {rMut rN+ MR- Str+3 SInv}
   (You found it on level 6 of the Pits of Slime)

   [amulet of resist mutation]

   It protects you from mutation.
   It affects your strength (+3).
   It protects you from negative energy.
   It affects your resistance to hostile enchantments.
   It enhances your eyesight.
 C - an uncursed ring of see invisible
 G - the ring "Paax" (left hand) {Contam rF+ Str+7}
   (You acquired it on level 3 of the Spider Nest)

   [ring of protection from fire]

   It affects your strength (+7).
   It protects you from fire.
   It causes magical contamination when unequipped.
 I - the ring "Utoluf" {+Fly rC+ Str+3 Slay+3}
   (You found it on level 3 of the Elven Halls)

   [ring of flight]

   It affects your strength (+3).
   It affects your accuracy and damage with ranged weapons and melee attacks
   (+3).
   It protects you from cold.
   It lets you fly.
 R - the ring of Robustness (right hand) {AC+8}
   (You found it on level 5 of the Depths)

   [ring of protection]

   It affects your AC (+8).
Magical devices
 b - a wand of digging (12)
 d - a wand of cold (5)
 F - a wand of disintegration (19)
 J - a wand of fireball (4)
Scrolls
 h - 16 scrolls of teleportation
 i - 20 scrolls of remove curse
 q - 14 scrolls of fog
 s - 5 scrolls of blinking
 t - 13 scrolls of recharging
 v - 9 scrolls of magic mapping
 w - 33 scrolls of identify
 y - a scroll of immolation
 E - 3 scrolls of fear
 K - 2 scrolls of summoning
Potions
 c - 2 potions of might
 j - 12 potions of restore abilities
 l - 4 potions of haste
 r - 3 potions of heal wounds
 D - 16 potions of curing
 H - a potion of resistance
 M - 5 potions of cancellation
 X - 2 potions of beneficial mutation
Books
 O - a book of Annihilations {highlevel}

   This book is beyond your current level of understanding.

   Spells                             Type                      Level
   a - Poison Arrow                   Conjuration/Poison           6
   b - Chain Lightning                Conjuration/Air              8
   c - Lehudib's Crystal Spear        Conjuration/Earth            8
   d - Glaciate                       Conjuration/Ice              9
   e - Fire Storm                     Conjuration/Fire             9
Miscellaneous
 a - a lamp of fire
 g - 2 phantom mirrors
 N - an ornate deck of changes {the Helm}
 P - a stone of tremors
Comestibles
 f - 25 meat rations
 o - 29 bread rations
 x - 35 fruits
 B - 16 beef jerkies
 Q - 3 royal jellies

Table legend:
 A = Turns spent in this place as a percentage of turns spent in the entire game.
 B = Non-inter-level travel turns spent in this place as a percentage of non-inter-level travel turns spent in the entire game.
 C = Inter-level travel turns spent in this place as a percentage of turns spent in this place.
 D = Turns resting spent in this place as a percentage of non-inter-level travel turns spent in this place.
 E = Turns spent auto-exploring this place as a percentage of non-inter-level travel turns spent in this place.
 F = Non-inter-level travel turns spent in this place divided by the number of levels of this place that you've seen.
                   A       B       C       D       E      F
               +-------+-------+-------+-------+-------+----------------------
         Total | 100.0 | 100.0 |   0.6 |   3.6 |  10.2 | 265.1
       Dungeon |  24.4 |  24.3 |   0.7 |   6.1 |  11.0 | 309.8
        Temple |   0.1 |   0.1 |   5.9 |   0.0 |  93.8 |  16.0
          Lair |  10.9 |  10.9 |   0.9 |   2.7 |  12.6 | 259.2
        Shoals |   8.6 |   8.6 |   0.6 |   1.4 |  10.6 | 329.6
   Spider Nest |   8.5 |   8.5 |   0.5 |   1.2 |  12.3 | 324.8
    Slime Pits |   2.8 |   2.8 |   1.1 |   0.9 |   0.4 |  87.8
  Orcish Mines |   5.8 |   5.8 |   0.6 |   1.4 |  12.1 | 275.5
   Elven Halls |   6.2 |   6.2 |   0.5 |   8.1 |   9.0 | 396.7
        Vaults |  13.5 |  13.6 |   0.5 |   0.9 |  11.1 | 517.4
        Depths |  12.4 |  12.4 |   0.7 |   4.5 |   8.3 | 472.0
          Hell |   0.4 |   0.4 |   0.0 |   0.0 |   0.0 |  85.0
         Abyss |   2.2 |   2.2 |   0.0 |   1.9 |  13.9 | 138.7
      Ziggurat |   2.4 |   2.4 |   0.0 |   3.7 |   0.0 |  56.9
        Bailey |   0.5 |   0.5 |   0.0 |   9.0 |   6.7 |  89.0
      Ice Cave |   0.4 |   0.4 |   0.0 |  14.7 |   0.0 |  68.0
       Volcano |   1.0 |   1.0 |   0.0 |   5.5 |   0.5 | 200.0
               +-------+-------+-------+-------+-------+----------------------


   Skills:
 - Level 22.7 Fighting
 - Level 22.4 Maces & Flails
 - Level 11.5 Throwing
 + Level 18.7 Armour
 + Level 18.5 Dodging
 - Level 0.7 Stealth
 - Level 13.3 Spellcasting
 * Level 13.2 Translocations
 - Level 5.5 Invocations
 - Level 11.0 Evocations


You had 37 spell levels left.
You knew the following spells:

 Your Spells              Type           Power        Failure   Level  Hunger
a - Phase Shift           Tloc           #####.....   10%         5    #####..
b - Apportation           Tloc           #####.....   1%          1    None
c - Control Teleport      Chrm/Tloc      ###.......   43%         4    ###....
d - Blink                 Tloc           N/A          1%          2    None
e - Portal Projectile     Tloc           #####.       1%          3    None


Dungeon Overview and Level Annotations

Branches:
Dungeon (15/15)            Temple (1/1) D:4            Lair (8/8) D:10
 Shoals (5/5) Lair:3       Spider (5/5) Lair:5        Slime (6/6) Lair:6
    Orc (4/4) D:12            Elf (3/3) Orc:4        Vaults (5/5) D:13
  Crypt (0/3) Vaults:2     Depths (5/5) D:15           Hell (1/1)
    Zot (0/5) Depths:5
    Dis: Hell:1         Geh: Hell:1         Coc: Hell:1         Tar: Hell:1

Altars:
Ashenzari
Cheibriados
Dithmenos
Elyvilon
Fedhas
Gozag
Kikubaaqudgha
Makhleb
Nemelex Xobeh
Okawaru
Qazlal
Ru
Sif Muna
Trog
Vehumet
Xom
Yredelemnul
Zin
The Shining One
Beogh

Shops:
D:5 (   D:9 (   D:14 (   Orc:1 :*[   Orc:4 :*[(   Vaults:2 *([!   Vaults:4 *[
Vaults:5 !%%   Depths:3 ([%:

Portals:
Hell: Depths:1 Depths:2 Depths:3 Depths:4 Depths:5
Abyss: Depths:2 Depths:3 Depths:4
Pandemonium: Depths:3

Annotations:
D:7 1 exclusion
Elf:2 3 runed doors
Hell Geryon


Innate Abilities, Weirdness & Mutations

You are too large for most types of armour.
You have tough skin (AC +1).
Your flesh is heat resistant.
You are frail (-10% HP).
Your system is resistant to poisons.


Message History

The fiery explosion engulfs the green death.
You kill the green death!
The fiery explosion engulfs you! You resist. Okawaru accepts your kill.
You are engulfed in roaring flames.
You resist. The balrug hits you but does no damage.
You are electrocuted!
Unknown command.
Unknown command.
Unknown command.
Unknown command.
Unknown command.
Drink which item? (? for menu, Esc to quit)
You feel much better.
You are engulfed in roaring flames.
You resist.
The deep elf death mage gestures at you while chanting.
The bolt of negative energy misses the Brimstone Fiend.
The bolt of negative energy misses you.
The lich is engulfed in roaring flames.
You destroy the lich!
Okawaru accepts your kill.
The balrug hits you with a demon whip of electrocution.
You are engulfed in flames.
You resist.
You are electrocuted!
You crush the Brimstone Fiend like a grape!!!!!
You kill the Brimstone Fiend!
You are engulfed in roaring flames.
You resist.
Unknown command.
You hit the balrug.
The balrug is moderately wounded.
You are engulfed in roaring flames.
You resist. The ancient lich completely misses you.
The balrug hits you with a demon whip of electrocution!
You are engulfed in flames.
You resist.
Unknown command.
Drink which item? (? for menu, Esc to quit)
You feel much better.
You are engulfed in roaring flames.
You resist.
The Brimstone Fiend calls on the powers of darkness!
Your body is wracked with pain!
The deep elf death mage convulses!
The balrug hits you but does no damage.
The ancient lich is engulfed in roaring flames.
The ancient lich casts a spell at you. The bolt of acid hits you!
You die...

▓▓▓▓▓▓▓▓▓▓▓
▓.........▓
▓.........▓
▓▓▓▓▓.........▓▓▓▓▓
▓....§§§§.........▓
▓....§.§§.........▓
▓%%?.12@§#........▓
▓∩$}.§L§§#........▓
▓>)}..e#§..#.....∩▓
▓∩%!.....#........▓
▓(=:.....#........▓
.................▓
................▓
▓▓.........▓▓▓▓▓
▓.........▓


You could see an ancient lich (invisible), a Brimstone Fiend, a balrug and a
deep elf death mage (inner flame).

Table legend:
 A = Kills in this place as a percentage of kills in entire the game.
 B = Kills by you in this place as a percentage of kills by you in the entire game.
 C = Kills by friends in this place as a percentage of kills by friends in the entire game.
 D = Other kills in this place as a percentage of other kills in the entire game.
 E = Experience gained in this place as a percentage of experience gained in the entire game.
 F = Experience gained in this place divided by the number of levels of this place that you have seen.
                   A       B       C       D       E      F
               +-------+-------+-------+-------+-------+----------------------
         Total | 100.0 | 100.0 | 100.0 | 100.0 | 100.0 | 17586.1
       Dungeon |  18.9 |  19.0 |   0.0 |   0.0 |   4.7 | 3955.1
          Lair |  11.8 |  11.8 |  14.3 |   0.0 |   4.8 | 7655.0
        Shoals |   6.9 |   6.9 |   0.0 |  25.0 |   8.8 | 22182.8
   Spider Nest |   9.9 |   9.9 |   0.0 |   0.0 |   8.4 | 21303.2
    Slime Pits |   3.0 |   3.0 |  14.3 |   0.0 |   4.7 | 10005.5
  Orcish Mines |   7.8 |   7.8 |   0.0 |   0.0 |   1.3 | 4269.8
   Elven Halls |   5.3 |   5.3 |   0.0 |  25.0 |   8.0 | 33575.7
        Vaults |  16.4 |  16.4 |   0.0 |  25.0 |  26.6 | 67306.6
        Depths |  13.1 |  13.0 |  14.3 |  25.0 |  25.4 | 64297.2
          Hell |   1.1 |   1.1 |   0.0 |   0.0 |   1.4 | 17832.0
         Abyss |   1.9 |   1.9 |   0.0 |   0.0 |   2.1 | 8759.0
      Ziggurat |   3.0 |   2.8 |  57.1 |   0.0 |   3.3 | 5201.1
        Bailey |   0.3 |   0.3 |   0.0 |   0.0 |   0.2 | 2258.0
      Ice Cave |   0.3 |   0.3 |   0.0 |   0.0 |   0.2 | 2240.0
       Volcano |   0.4 |   0.4 |   0.0 |   0.0 |   0.2 | 2131.0
               +-------+-------+-------+-------+-------+----------------------

Vanquished Creatures
  the royal jelly (Slime:6)
  An ancient lich (Vaults:5)
  Margery (Vaults:2)
  Mara (Shoals:5)
  A Killer Klown (Zig:7)
  4 golden dragons
  Frederick (Vaults:5)
  Nikola (Spider:3)
  4 liches
  An Ice Fiend (Elf:3)
  2 Brimstone Fiends
  A tentacled monstrosity (Depths:4)
  5 deep elf blademasters
  4 titans (Vaults:5)
  2 deep elf master archers (Elf:3)
  3 tentacled starspawn
  A quicksilver dragon (Depths:4)
  The ghost of Elizilla the Bludgeoner, a mighty FoFi of Dithmenos (Shoals:5)
  18 acid blobs
  5 sphinxes
  2 krakens (Shoals:5)
  4 storm dragons
  6 shadow dragons
  Rupert (Lair:4)
  Agnes (Vaults:1)
  6 tengu reavers
  A sphinx (shapeshifter) (Vaults:5)
  Frances (Spider:5)
  6 azure jellies
  Ilsuiw (Shoals:5)
  12 fire giants
  4 ghost moths (Spider:5)
  Donald (Spider:4)
  A frost giant (shapeshifter) (Depths:2)
  12 frost giants
  3 iron dragons
  Louise (Shoals:3)
  8 deep elf sorcerers (Elf:3)
  An orc warlord (Orc:4)
  9 emperor scorpions
  Gastronok (D:8)
  A cacodemon (Hell)
  A ghoul (Zig:8)
  A spriggan defender (Depths:3)
  Jorgrun (Spider:5)
  A war gargoyle (Depths:2)
  A draconian annihilator (Depths:5)
  A draconian shifter (Depths:5)
  15 ironheart preservers
  22 vault wardens
  19 stone giants
  A stone giant (shapeshifter) (Vaults:5)
  12 deep elf demonologists
  25 very ugly things
  4 reapers
  A lorocyproca (Depths:2)
  2 grey draconians (Depths:5)
  3 dire elephants
  4 vampire knights
  2 red draconians (Depths:5)
  9 deep elf annihilators
  A chaos champion (Zig:7)
  2 mottled draconians (Depths:5)
  An eidolon (Zig:8)
  6 death oozes
  8 merfolk javelineers
  An unborn (Zig:8)
  9 deep elf death magi
  23 ettins
  3 minotaurs
  A blizzard demon (Hell)
  A green death (Zig:8)
  16 yaktaur captains
  44 vault guards
  3 fire dragons (shapeshifter) (Depths:2)
  A jiangshi (Zig:8)
  15 fire dragons
  15 merfolk impalers
  10 rakshasas
  3 spriggan air magi
  11 great orbs of eyes
  7 deep elf high priests
  4 hydras
  Harold (D:10)
  10 ice dragons
  A naga warrior (Zig:1)
  Nessos (Spider:1)
  2 merfolk avatars
  An ice dragon (shapeshifter) (Depths:2)
  15 ogre magi
  Erica (Lair:3)
  A catoblepas (Lair:6)
  7 deep troll earth magi
  8 centaur warriors
  A death knight (Zig:3)
  8 deep troll shamans
  A satyr (Shoals:5)
  7 dancing weapons
  4 merfolk aquamancers
  15 death yaks
  A death yak (shapeshifter) (Depths:4)
  2 vampire magi
  4 tengu warriors
  7 orc high priests
  A soul eater (Hell)
  A titan zombie (Depths:3)
  5 spriggan berserkers
  3 sun demons
  A shock serpent (Zig:1)
  29 hell knights
  12 iron trolls
  A wretched star (Abyss:2)
  A titan skeleton (Depths:3)
  An ice devil (Abyss:3)
  A skeletal warrior (Vaults:1)
  16 deep trolls
  A sea snake (shapeshifter) (Vaults:1)
  A shadow wraith (Zig:4)
  An unseen horror (shapeshifter) (Vaults:4)
  14 sea snakes
  10 deep elf knights
  3 shadow demons
  7 unseen horrors
  11 deep elf summoners
  2 death scarabs (Zig:6)
  11 starcursed masses
  2 flayed ghosts
  2 ice statues (IceCv)
  3 giant orange brains
  20 ironbrand convokers
  A tengu zombie (Depths:3)
  2 anubis guards (Zig:6)
  5 wizards
  4 hill giants
  2 lindwurms
  12 necromancers
  21 orb spiders
  14 deep elf conjurers
  13 orc knights
  43 ugly things
  A shining eye (Slime:6)
  45 wolf spiders
  21 harpies
  15 manticores
  9 fauns
  2 hornets (shapeshifter)
  16 cyclopes
  2 phantasmal warriors (Vaults:5)
  2 sixfirhies
  8 orc sorcerers
  5 moths of wrath
  2 salamanders (Depths:3)
  14 griffons
  2 worldbinders
  2 oklob plants (Lair:6)
  3 water nymphs
  10 hornets
  An iron dragon skeleton (Abyss:1)
  2 wolf spiders (shapeshifter)
  2 frost giant skeletons
  2 manticores (shapeshifter)
  A black mamba (shapeshifter) (Depths:2)
  Maurice (Orc:3)
  4 black mambas
  A stone giant skeleton (Abyss:1)
  2 gargoyles
  A queen ant (shapeshifter) (Vaults:5)
  8 sirens
  An eye of devastation (Slime:6)
  21 vault sentinels
  The ghost of Virusyak the Destroyer, an experienced TeCj of Vehumet (D:6)
  12 spiny frogs
  10 torpor snails
  3 naga magi
  A yaktaur zombie (Hell)
  8 komodo dragons
  5 smoke demons
  3 efreet
  A fire drake (shapeshifter) (Depths:5)
  5 kobold demonologists
  A yaktaur (shapeshifter) (Zig:7)
  4 guardian mummies
  15 demonic crawlers
  10 freezing wraiths
  37 yaktaurs
  48 merfolk
  5 fire drakes
  32 jumping spiders
  A blue devil (Hell)
  17 deep elf priests
  4 tengu conjurers
  3 giant leeches (Lair:8)
  2 polar bears
  A queen bee (shapeshifter) (Elf:1)
  2 wind drakes
  2 red devils
  A raven (shapeshifter) (Depths:5)
  11 blink frogs
  50 slime creatures
  2 raiju
  2 jumping spiders (shapeshifter)
  13 trolls
  5 ravens
  A two-headed ogre (shapeshifter) (Zig:7)
  2 ushabtiu (Zig:6)
  4 basilisks
  An ice dragon zombie (Hell)
  13 boulder beetles
  A hornet zombie (D:15)
  23 two-headed ogres
  13 snapping turtles
  21 tarantellas
  29 trapdoor spiders
  2 spriggans (shapeshifter)
  A vampire (Depths:1)
  3 wraiths
  3 fire elementals
  A wyvern (D:12)
  12 water elementals
  59 yaks
  5 air elementals
  7 hippogriffs
  29 deep elf fighters
  8 hungry ghosts
  6 spriggans
  A mottled dragon (Lair:8)
  2 shadows
  A ynoxinul (Abyss:2)
  Eustachio (D:8)
  An elf zombie (Zig:6)
  4 chaos spawn
  5 fire bats
  5 neqoxecs
  26 deep elf magi
  49 redbacks
  15 vampire mosquitoes
  3 golden eyes (Slime:2)
  2 harpy simulacra (Depths:2)
  A human (D:13)
  12 wolves (Lair:6)
  2 hydra simulacra
  2 steam dragons (Lair:8)
  7 wargs
  3 human simulacra
  12 water moccasins
  5 hell hounds
  An eye of draining (shapeshifter) (D:14)
  16 large abominations
  8 porcupines
  12 ice beasts
  54 orc warriors
  42 ogres
  2 sky beasts
  11 wasps
  13 boggarts
  31 spiders
  2 swamp drakes (Lair:8)
  2 ettin simulacra
  4 phantoms
  3 eyes of draining
  A black bear (Lair:3)
  3 boring beetles
  3 human skeletons
  2 vampire mosquito zombies (Vaults:2)
  22 centaurs
  A crocodile (shapeshifter) (Depths:2)
  12 crocodiles
  3 big kobolds
  A brain worm (shapeshifter) (Vaults:5)
  19 giant frogs
  10 brain worms
  Blork the orc (Orc:1)
  A hell hound zombie (Hell)
  7 human zombies
  7 small abominations
  A water moccasin zombie (D:10)
  2 gnoll sergeants
  9 scorpions
  2 troll zombies (D:12)
  An elephant simulacrum (Depths:2)
  12 wights
  4 killer bees (D:9)
  4 electric eels
  2 vampire bats (Lair:2)
  4 lava snakes (Volcano)
  A goliath beetle (D:7)
  9 crimson imps
  7 centaur zombies
  A giant frog zombie (D:13)
  14 hounds
  18 jellies
  3 centaur skeletons
  2 iron imps
  2 giant frog skeletons
  33 orc priests
  12 iguanas
  41 orc wizards
  15 worker ants
  2 hell rats
  2 killer bee zombies
  36 sheep
  A hound zombie (D:5)
  4 ogre zombies (D:12)
  6 mummies
  A hound skeleton (D:7)
  17 gnolls
  28 adders
  A worker ant zombie (D:6)
  2 giant mites
  32 river rats
  2 shadow imps
  A white imp (Abyss:3)
  15 worms
  A giant eyeball (Abyss:3)
  2 adder skeletons
  7 giant geckos
  2 oozes
  193 orcs
  2 ball pythons
  24 bats
  3 giant cockroaches
  26 goblins
  22 hobgoblins
  2 jackals (D:10)
  18 quokkas
  A giant cockroach zombie (D:6)
  A giant gecko skeleton (D:5)
  3 giant newts
  2 giant spores
  2 goblin skeletons (D:12)
  2 goblin zombies (D:12)
  A hobgoblin skeleton (D:12)
  A hobgoblin zombie (D:12)
  2 jackal zombies
  27 kobolds
  An orc skeleton (Orc:4)
  20 orc zombies
  A quokka skeleton (D:7)
  25 rats
  5 ballistomycetes
  2 crawling corpses (Elf:3)
  3 fungi
  8 plants
  5 starspawn tentacles
  A starspawn tentacle segment (Abyss:3)
  2 tentacles (Shoals:5)
2812 creatures vanquished.

Vanquished Creatures (collateral kills)
  A stone giant (Depths:3)
  A shining eye (Slime:6)
  A flying skull (Zig:4)
  3 starcursed masses (Zig:4)
  An ufetubus (Zig:4)
  A worm (Lair:8)
8 creatures vanquished.

Vanquished Creatures (others)
  Asterion (Shoals:5)
  A fire giant (Depths:4)
  2 yaktaur captains (Vaults:5)
  A shadow wraith (Vaults:3)
  An ironbrand convoker (Vaults:5)
  A manticore (Shoals:5)
  An ugly thing (Vaults:5)
  A drowned soul (Shoals:2)
  3 fire elementals
  A deep elf mage (Elf:3)
  A deep elf fighter (Vaults:3)
  A redback (Spider:4)
  2 vampire mosquitoes (Vaults:2)
  A hippogriff (Shoals:5)
  A fulminant prism (D:6)
  A boggart (Depths:3)
  A spider (Spider:4)
  2 wasps (Spider:5)
  3 ogres
  2 orc priests (Vaults:3)
  An orc (Vaults:5)
  A goblin (Zig:5)
  A giant spore (D:11)
  3 fungi
  4 plants
  4 starspawn tentacles
  144 starspawn tentacle segments
  8 tentacles (Shoals:5)
  117 tentacle segments (Shoals:5)
311 creatures vanquished.

Grand Total: 3131 creatures vanquished

Action                   |  1- 3 |  4- 6 |  7- 9 | 10-12 | 13-15 | 16-18 | 19-21 | 22-24 | 25-27 || total
-------------------------+-------+-------+-------+-------+-------+-------+-------+-------+-------++-------
Melee: Short sword       |    48 |       |       |       |       |       |       |       |       ||    48
       Club              |    83 |    52 |       |       |       |       |       |       |       ||   135
       Whip              |       |    34 |       |       |       |       |       |       |       ||    34
       Flail             |       |    57 |   232 |       |       |       |       |       |       ||   289
       Dire flail        |       |       |    74 |   255 |     6 |       |       |       |       ||   335
       Great mace        |       |       |       |   162 |       |       |       |       |       ||   162
       Giant spiked club |       |       |       |    39 |   999 |   260 |       |       |       ||  1298
       Giant club        |       |       |       |       |       |   176 |  1114 |  1297 |   908 ||  3495
 Fire: Blowgun           |       |       |    23 |    27 |       |       |       |       |       ||    50
Throw: Large rock        |     6 |     3 |    11 |    38 |   115 |    49 |    42 |    47 |     5 ||   316
       Throwing net      |       |     2 |     2 |     2 |       |       |       |       |       ||     6
       Tomahawk          |       |    44 |    21 |       |       |       |       |       |       ||    65
       Javelin           |       |       |       |   133 |       |       |       |       |       ||   133
 Cast: Apportation       |       |       |       |       |       |     1 |       |       |     1 ||     2
       Blink             |       |       |       |       |       |       |     3 |       |       ||     3
       Phase Shift       |       |       |       |       |       |       |       |       |    10 ||    10
Invok: Heroism           |       |       |       |     4 |    11 |     1 |     3 |     6 |     8 ||    33
       Finesse           |       |       |       |       |       |     1 |       |     4 |     3 ||     8
 Abil: Evoke Berserk Rag |       |       |       |     7 |     4 |     2 |       |       |       ||    13
       Evoke Invisibilit |       |       |       |       |       |     2 |       |     1 |       ||     3
       Evoke Flight      |       |       |       |       |       |       |       |     1 |     1 ||     2
       Evoke Teleportati |       |       |       |       |       |       |       |       |     6 ||     6
       Evoke Blink       |       |       |       |       |       |       |       |       |     8 ||     8
Evoke: Wand              |       |     1 |       |     2 |     5 |     3 |     1 |     8 |    15 ||    35
       Stone of tremors  |       |       |       |       |     1 |     2 |       |     1 |     3 ||     7
       Lamp of fire      |       |       |       |       |       |       |       |       |     3 ||     3
  Use: Scroll            |       |       |     9 |    16 |    21 |     5 |     6 |     2 |    28 ||    87
       Potion            |       |       |     9 |     3 |     6 |     4 |     9 |     2 |    18 ||    51
 Stab: Sleeping          |     1 |       |     1 |     1 |       |       |       |       |       ||     3
       Held in net/web   |       |     2 |     1 |     1 |       |       |       |       |       ||     4
       Paralysed         |       |       |       |       |     3 |       |       |       |       ||     3
       Invisible         |       |       |       |       |     2 |     4 |       |     1 |       ||     7
       Distracted        |       |       |       |       |       |     1 |       |       |     2 ||     3
  Eat: Chunk             |     3 |     9 |    16 |    27 |    47 |    46 |    51 |    37 |     8 ||   244
       Fruit             |       |       |     1 |       |       |       |       |       |     3 ||     4
       Royal jelly       |       |       |       |       |     1 |       |       |     1 |     3 ||     5
       Pizza             |       |       |       |       |       |     3 |       |       |     6 ||     9
       Meat ration       |       |       |       |       |       |       |       |       |     5 ||     5

Vault maps used:
D:1:      dpeg_arrival_fog
D:2:      first_bread
D:3:      zin_statuary, grunt_ministairs_12, minmay_goblin_outpost
D:4:      minmay_temple_entry_fiery, trog_butcher_becter
D:5:      kennysheep_little_box, serial_shops, shop
D:6:      nicolae_overflow_crystal_walls, okawaru_gym_becter
D:7:      beetle_altar_1, fedhas_altar_fruit_tree, the_bakery,
          trog_hazing_becter
D:8:      lemuel_coloured_pillars_altar, uniq_eustachio, uniq_gastronok
D:9:      serial_shops, nicolae_shop_trees, serial_column_ruins,
          column_ruins_hut, column_ruins_hut, column_ruins_open_medium,
          column_ruins_grid_1, column_ruins_columns_corner,
          column_ruins_open_small, hangedman_abyss_or_decor_stagger
D:10:     erik_lair_orcish_takeover, minmay_misc_feat_iff, spider_trap,
          uniq_harold
D:11:     portal_ice_cave_entry_pillars_01, minmay_misc_feat_cross
D:12:     zombieorc1_lemuel, enter_bailey_1
D:13:     grunt_vaults_entry_fortified, serial_bayou_pond_a,
          minmay_statues_item, minmay_misc_feat_rows
D:14:     lemuel_crystal_altar, serial_shops, nicolae_shop_stone,
          nicolae_ru_awakened_eye
D:15:     grunt_enter_depths_magical_seal, zin_angel, minmay_misc_feat_plants
Temple:   minmay_temple_forest_path_12
Lair:1:   nicolae_volcano_entry_lava_flow, basic_altar, serial_bayou_shore_a,
          grunt_megastairs_3
Lair:2:   roderic_batcave, columned_hall_lemuel, grunt_megastairs_1,
          bh_autumn_forest_stairs
Lair:3:   shoals_dummy_entry, serial_bayou_shore_b, uniq_erica
Lair:4:   minmay_stone_trees_small, uniq_rupert
Lair:5:   nicolae_spider_entry_tight_spaces
Lair:6:   minmay_slime_entry_oklob_open, grunt_forest_large_clearing_hut
Lair:8:   guppyfry_lair_end_dragon, wormcave, serial_bayou_shore_b
Shoals:1: st_sunken_huts
Shoals:3: uniq_louise
Shoals:4: st_shoals_ruin
Shoals:5: shoals_end_hangedman, shoals_ilsuiw_alternative, uniq_asterion,
          uniq_mara
Spider:1: uniq_nessos
Spider:3: hangedman_spider_trapstep, uniq_nikola
Spider:4: spider_trap, hangedman_stitches_earthworm, uniq_donald
Spider:5: guppyfry_spider_rune, uniq_jorgrun, uniq_frances
Slime:2:  basic_altar
Slime:5:  nicolae_slime_pool
Orc:1:    basic_altar, serial_shops, nicolae_shop_window_shopping,
          shop_fountains, nicolae_shop_statue_plus, uniq_blork_the_orc
Orc:3:    nicolae_orc_pool_cavern, uniq_maurice
Orc:4:    st_orc_congregation, nicolae_orc_rockfall
Elf:1:    eino_elf_arrival_the_gate, nicolae_trove_entry_path_of_doom,
          orc_legates, minivault_11
Elf:2:    kilobyte_mutagenic_chamber
Elf:3:    minmay_elf_hall_four_x, glass_columns_a, nicolae_elf_w_pinch
Vaults:1: v_alt_pattern_4, ontoclasm_vaults_decontamination,
          nicolae_vaults_lopsided_apartments, ontoclasm_vaults_misaligned,
          grunt_vaults_diagonal, hangedman_vaults_restitches,
          nicolae_vaults_little_squares_5, nicolae_vaults_twisting_passages,
          ontoclasm_vaults_ligature, nicolae_vaults_little_squares_1,
          vaults_room_large_hall, ontoclasm_vaults_tryst,
          ontoclasm_vaults_ring_small, uniq_agnes
Vaults:2: kennysheep_vaults_gozag_temple, v_misc_4, vaults_room_fancy_cross,
          hangedman_vaults_corner, vaults_room_fours, dummy_crypt_entry,
          serial_shops, shop, uniq_margery
Vaults:3: hangedman_vaults_trim, ontoclasm_vaults_ring_small,
          nicolae_vaults_windows_and_doors_thing, hangedman_vaults_stream,
          nicolae_vaults_ring_of_whatevers, nicolae_vaults_little_ls,
          hangedman_vaults_river_flow, nicolae_vaults_sealed_display,
          vaults_dpeg_diagonal, v_misc_24, v_pattern_3
Vaults:4: v_misc_1, vaults_mumra_chevron_long, grunt_vaults_bifocal,
          vaults_room_fours, ontoclasm_vaults_ring_square, v_misc_17,
          vaults_room_pool, hangedman_vaults_impose, vaults_room_pool,
          nicolae_vaults_little_squares_1, vaults_dpeg_hooks, serial_shops,
          shop, nicolae_shop_crystal
Vaults:5: uniq_frederick
Depths:1: minmay_misc_feat_square, pf_vacation_house_of_asmodeus,
          kennysheep_pointless_box, spider_trap, lightli_gold_pyramid
Depths:2: hangedman_crystal_crosses_colossus, hell_entry, abyss_entry
Depths:3: evilmike_cross, rand_demon_pan_entry_4, minmay_room_of_horrors,
          serial_shops, shop, kennysheep_mini, nicolae_shop_statue_plus, shop,
          tso_metal_star, hell_entry
Depths:4: evilmike_hourglass, hell_entry, abyss_entry, hangedman_decor_growths
Depths:5: grunt_zot_entry_alcove, enter_ziggurat_b, nrook_pool_corridor,
          hell_entry, spider_trap, minmay_guarded_unrand_robustness
Abyss:2:  evilmike_abyss_exit_smiterflies
Abyss:3:  evilmike_abyss_exit_9, abyss_rune_water_cross,
          serial_sigils_hangedman_snap
Zig:7:    ziggurat_pillar_centre_c
Bailey:   bailey_polearm_3, bailey
IceCv:    ice_cave_statue_garden_01
Volcano:  volcano_grotto
